 Dungeon Crawl Stone Soup version 0.30-a0-883-g5ad918d77d (webtiles) character file.

Game seed: 3471680910152971986

30 hikkokomori the Ducker (level 3, -5/28 HPs)
             Began as a Merfolk Gladiator on Mar 18, 2023.
             Slain by Sigmund
             ... wielding a +0 scythe
              (7 damage)
             ... on level 2 of the Dungeon.
             The game lasted 00:01:25 (1072 turns).

hikkokomori the Ducker (Merfolk Gladiator)          Turns: 1072, Time: 00:01:25

Health: -5/28      AC:  6    Str: 14    XL:     3   Next: 20%
Magic:  3/3        EV: 13    Int:  7    God:
Gold:   61         SH:  0    Dex: 17    Spells: 2/2 levels left

rFire   . . .      SeeInvis .    a - +0 long sword
rCold   . . .      Faith    .    (no shield)
rNeg    . . .      Spirit   .    b - +0 leather armour
rPois   .          Reflect  .    c - +0 helmet
rElec   .          Rampage  .    (no cloak)
rCorr   .                        l - +0 pair of gloves
Will    .....                    j - +0 pair of boots
Stlth   ++                       (no amulet)
HPRegen 0.24/turn                (no ring)
MPRegen 0.08/turn                (no ring)

@: flying
A: (nimble swimmer 2), mertail
a: no special abilities


You were on level 2 of the Dungeon.
You visited 1 branch of the dungeon, and saw 2 of its levels.

You collected 61 gold pieces.

Inventory:

Hand Weapons
 a - a +0 long sword (weapon)
Missiles
 e - 3 javelins (quivered)
Armour
 b - a +0 leather armour (worn)
 c - a +0 helmet (worn)
 j - a +0 pair of boots (worn)
 l - a +0 pair of gloves (worn)
Scrolls
 f - a scroll of fear {unknown}
 g - 2 scrolls of identify {unknown}
 h - a scroll of magic mapping {unknown}


   Skills:
 + Level 2.7 Fighting
 + Level 4.0 Long Blades
 - Level 2.2 Throwing
 + Level 4.4 Dodging
 + Level 0.9 Stealth


You had 2 spell levels left.
You didn't know any spells.
Your spell library contained the following spells:

 Spells                   Type           Power      Damage    Failure   Level
 Cigotuvi's Dreadful Rot  Necr/Pois/Air  0%         N/A       65%         2
 Dispel Undead            Necr           0%         3d6       99%         4
 Death Channel            Necr           0%         N/A       100%        6


Dungeon Overview and Level Annotations

Branches:
Dungeon (2/15)

Altars:

Annotations:
D:2 Sigmund


Innate Abilities, Weirdness & Mutations

((You are very nimble when in or above water. (Stealth+, EV+, Speed+++)))
Your lower body shifts to a powerful aquatic tail in water.


Message History

Throw: 3 throwing nets
Press: ? - help, Shift-Dir - straight line You throw a throwing net.
You hear some strange, mumbled words.
A puff of flame appears from out of thin air!
The puff of flame hits you!
Throw: 2 throwing nets
Press: ? - help, Shift-Dir - straight line You throw a throwing net.
Something hits you but does no damage.
Throw: throwing net
Press: ? - help, Shift-Dir - straight line You throw a throwing net.
Something barely misses you.
Unknown command.
You miss something. You hit something but do no damage.
You hear some strange, mumbled words.
You are confused.
You closely miss something. Something hits you.
You bump into the rock wall.
Something hits you but does no damage.
You bump into the rock wall.
You hear some strange, mumbled words.
A puff of flame appears from out of thin air!
The puff of flame hits you!
* * * LOW HITPOINT WARNING * * *
Something hits you but does no damage.
You bump into the rock wall.
You feel less confused. Something hits you but does no damage.
It was a potion of flight.
You feel very buoyant.
You fly up into the air.
Something hits you.
* * * LOW HITPOINT WARNING * * *
Unknown command.
You closely miss something. Something barely misses you.
You hit something. Something hits you.
* * * LOW HITPOINT WARNING * * *
You slash something! Something hits you!
You die...

################
........@{.....(
#######.###############
.....[......<.......^>#
#######.#############.#
#.# #.# #.# #.# #.# #.#
#.# #.# #.# #.#


There were no monsters in sight!

Vanquished Creatures
  A dart slug (D:1)
  4 ball pythons
  2 endoplasms (D:1)
  A goblin (D:1)
  3 hobgoblins (D:1)
  2 jackals (D:1)
  2 kobolds (D:1)
  2 quokkas (D:1)
  2 bats (D:1)
  A frilled lizard (D:1)
  5 rats (D:1)
25 creatures vanquished.

Notes
Turn   | Place    | Note
-------+----------+-------------------------------------------
     0 | D:1      | hikkokomori the Merfolk Gladiator began the quest for the
                  | Orb.
     0 | D:1      | Reached XP level 1. HP: 16/16 MP: 1/1
   155 | D:1      | Found a faded altar of an unknown god.
   260 | D:1      | Reached XP level 2. HP: 21/23 MP: 2/2
   709 | D:1      | Reached XP level 3. HP: 25/28 MP: 3/3
  1052 | D:2      | Noticed Sigmund
  1072 | D:2      | Slain by Sigmund

Illustrated notes

Levels and vault maps discovered:
D:1:      nzn_arrival_crosshair, layout_basic, basic_ecumenical_altar
D:2:      layout_basic, serial_shops, nicolae_diamond_shop, uniq_sigmund

Skill      XL: |  1  2 |
---------------+-------+-----
Long Blades    | 4 |  4.0
Fighting       | |  2.7
Throwing       | |  2.2
Dodging        | |  4.4
Stealth        | |  0.9

Action                     || total
---------------------------++-------
  Melee: Long sword        ||    84
         Punch             ||     1
  Throw: Throwing net      ||     3
    Use: Potion            ||     2
   Stab: Sleeping          ||     2
 Armour: Leather armour    ||    28
  Dodge: Dodged            ||    78

Table legend: (Time is in decaauts)
 A = Elapsed time spent in this place.
 B = Non-inter-level travel time spent in this place.
 C = Inter-level travel time spent in this place.
 D = Time resting spent in this place.
 E = Time spent auto-exploring this place.
 F = Levels seen in this place.
 G = Mean time per level.
                   A        B        C        D        E       F      G
               +--------+--------+--------+--------+--------+-----+--------+
         Total |   1088 |   1030 |     58 |      0 |    804 |   2 |  544.0 |
       Dungeon |   1088 |   1030 |     58 |      0 |    804 |   2 |  544.0 |
               +--------+--------+--------+--------+--------+-----+--------+

Top non-repeatable levels by time:
     D:1: 972 daAuts
     D:2: 116 daAuts
